 Dungeon Crawl Stone Soup version 0.27.0-66-gdc8fb28755 (webtiles) character file.

Game seed: 9915614961891751425

49 sanka the Chopper (level 3, -10/31 HPs)
             Began as a Palentonga Abyssal Knight on Aug 20, 2021.
             Was a Believer of Lugonu.
             Killed from afar by Sigmund (12 damage)
             ... with a puff of flame
             ... on level 2 of the Dungeon.
             The game lasted 00:01:37 (1374 turns).

sanka the Chopper (Palentonga Abyssal Knight)       Turns: 1374, Time: 00:01:38

Health: -10/31     AC:  4    Str: 16    XL:     3   Next: 53%
Magic:  4/4        EV:  9    Int: 12    God:    Lugonu [**....]
Gold:   54         SH:  0    Dex:  9    Spells: 2/2 levels left

rFire    . . .     SeeInvis +   a - +1 hand axe
rCold    . . .     Faith    +   (no shield)
rNeg     . . .     Spirit   .   b - +0 leather armour
rPois    .         Reflect  .   (no helmet)
rElec    .         Harm     .   (no cloak)
rCorr    .         Rampage  .   (no gloves)
Will     .....                  (no barding)
Stlth    +.........             f - amulet of faith
HPRegen  0.10/turn              (no ring)
MPRegen  0.09/turn              (no ring)

@: no status effects
A: large, rugged brown scales 3, see invisible, deformed body, roll 1, armoured
tail
a: Rolling Charge, Renounce Religion, Depart the Abyss, Bend Space


You were on level 2 of the Dungeon.
You worshipped Lugonu.
Lugonu was pleased with you.
You visited 1 branch of the dungeon, and saw 2 of its levels.
You visited the Abyss 1 time.

You collected 54 gold pieces.


Innate Abilities, Weirdness & Mutations

You are completely covered in rugged brown scales. (AC +3, +7% HP)
You have supernaturally acute eyesight. (SInv)
Armour fits poorly on your strangely shaped body.
You can roll at nearby foes to attack.
You have a long armoured tail.


   Skills:
 - Level 3.0 Fighting
 + Level 4.0 Axes
 - Level 1.5 Armour
 - Level 0.7 Dodging
 - Level 2.0 Invocations


You had 2 spell levels left.
You didn't know any spells.
Your spell library was empty.

Inventory:

Hand Weapons
 a - a +1 hand axe (weapon)
Armour
 b - a +0 leather armour (worn)
Jewellery
 f - an amulet of faith (around neck)
Scrolls
 c - 4 scrolls of teleportation {unknown}
 d - 2 scrolls of magic mapping {unknown}
 e - a scroll of fog {unknown}
 g - a scroll of fear {unknown}
Potions
 h - a potion of lignification {unknown}

Dungeon Overview and Level Annotations

Branches:
Dungeon (2/15)

Altars:

Annotations:
D:2 Sigmund

...▒▒
▒.▒.▒..▒▒▒▒▒▒▒▒▒ ▒..▒
▒▒▒▒.▒.▒..▒▒ ▒▒▒▒▒▒
..▒▒....▒..(..▒
▒..... ▒.
▒.▒▒▒.......▒▒ ▒▒▒▒.▒
.▒>▒....@....▒.▒
▒▒▒▒.▒
..........▒▒.▒.▒
▒....▒
.........▒▒▒.▒.▒
▒.▒▒▒▒
.▒.▒.▒▒....▒.▒.▒▒▒▒.▒
▒ ▒. ▒H.▒...▒......▒
▒ ▒<.▒.▒▒▒▒▒▒▒▒▒▒
▒......▒ ▒▒▒▒▒▒▒▒


You could see Sigmund.


Message History

You are confused.
You bump into the rock wall.
Sigmund gestures at you while chanting. The puff of flame hits you.
You bump into the rock wall.
You bump into the rock wall.
Sigmund closely misses you.
You bump into the rock wall.
Sigmund points at you and mumbles some strange words.
You are more confused.
Sigmund points at you and mumbles some strange words.
The puff of flame hits you!
* * * LOW HITPOINT WARNING * * *
You bump into the rock wall.
Sigmund hits you from afar with a +0 scythe.
* * * LOW HITPOINT WARNING * * *
You're too confused to move!
Sigmund barely misses you.
You bump into the rock wall.
Sigmund hits you from afar with a +0 scythe.
* * * LOW HITPOINT WARNING * * *
Sigmund hits you from afar with a +0 scythe.
* * * LOW HITPOINT WARNING * * *
You feel less confused. Sigmund completely misses you.
Sigmund gestures at you while chanting. You resist with significant effort.
Sigmund points at you and mumbles some strange words.
The puff of flame hits you!
You die...

Action                   || total
-------------------------++-------
Melee: Hand axe          ||   111
       Tailslap          ||     6
Invok: Depart the Abyss  ||     1
 Abil: Rolling Charge    ||     1
Armor: Leather armour    ||    67
Dodge: Dodged            ||    80

Levels and vault maps discovered:
D:1:      onia_arrival_handbag, layout_loops_ring,
          hellmonk_ecumenical_altar_arch_garden, minmay_tromino_i4
D:2:      layout_basic, basic_altar, uniq_sigmund

Notes
Turn   | Place    | Note
-------+----------+-------------------------------------------
     0 | Abyss:1  | sanka the Palentonga Abyssal Knight began the quest for the
                  | Orb.
     0 | Abyss:1  | Reached XP level 1. HP: 19/19 MP: 2/2
    34 | Abyss:1  | Noticed a hell hog
    35 | D:1      | Escaped the Abyss
   151 | D:1      | Reached * piety under Lugonu
   244 | D:1      | Reached XP level 2. HP: 18/25 MP: 3/3
   367 | D:1      | Reached skill level 3 in Axes
   579 | D:1      | Found a faded altar of an unknown god.
   644 | D:1      | Reached XP level 3. HP: 31/31 MP: 4/4
   736 | D:1      | Reached ** piety under Lugonu
  1203 | D:2      | Reached skill level 4 in Axes
  1341 | D:2      | Noticed Sigmund
  1368 | D:2      | HP: 1/31 [Sigmund (4)]
  1374 | D:2      | Killed from afar by Sigmund

Vanquished Creatures
  A worm (D:2)
  A ball python (D:1)
  2 endoplasms (D:1)
  4 giant cockroaches
  4 goblins
  6 hobgoblins (D:1)
  6 jackals (D:1)
  5 bats (D:1)
  3 frilled lizards (D:1)
  3 kobolds (D:1)
  6 rats (D:1)
41 creatures vanquished.
